 Dungeon Crawl Stone Soup version 0.31.0-11-ge490571c62 (webtiles) character file.

Game seed: 18401404545421279742

2485 qw the Skirmisher (level 9, -5/44 HPs)
             Began as a Spriggan Hunter on Feb 4, 2024.
             Was a Believer of Okawaru.
             Killed from afar by an electric eel (8 damage)
             ... with a bolt of electricity
             ... on level 7 of the Dungeon.
             The game lasted 00:00:32 (6112 turns).

qw the Skirmisher (Spriggan Hunter)                 Turns: 6112, Time: 00:00:33

Health: -5/44      AC:  6    Str:  7    XL:     9   Next: 27%
Magic:  13/13      EV: 25    Int: 11    God:    Okawaru [**....]
Gold:   452        SH:  5    Dex: 22    Spells: 8/8 levels left

rFire   . . .        n - +0 orcbow
rCold   . . .        (shield currently unavailable)
rNeg    . . .        c - +0 robe
rPois   .            (helmet restricted)
rElec   .            (no cloak)
rCorr   .            (gloves unavailable)
SInv    +            (boots unavailable)
Will    +....        g - amulet of reflection
Stlth   ++           e - +4 ring of protection
HPRegen 0.27/turn    (no ring)
MPRegen 0.13/turn

%: reflection
@: about to teleport, very quick
A: very small, no large weapons, unfitting armour, see invisible, speed 3
a: Renounce Religion, Heroism


You were on level 7 of the Dungeon.
You worshipped Okawaru.
Okawaru was pleased with you.
You visited 2 branches of the dungeon, and saw 8 of its levels.
You also visited: Ossuary.

You collected 452 gold pieces.


Innate Abilities, Weirdness & Mutations

You are very small and have problems with some larger weapons.
You are too small for most types of armour.
You have supernaturally acute eyesight. (SInv)
You cover ground extremely quickly. (Speed+++)


   Skills:
 - Level 3.0 Fighting
 - Level 10.0 Ranged Weapons
 + Level 9.3 Dodging
 - Level 1.5 Stealth
 - Level 4.1 Invocations


You had 8 spell levels left.
You didn't know any spells.
Your spell library was empty.

Inventory:

Hand Weapons
 n - a +0 orcbow (weapon)
Armour
 c - a +0 robe (worn)
Jewellery
 e - a +4 ring of protection (left hand)
 g - an amulet of reflection (around neck)
Potions
 a - 2 potions of haste {unknown}
 b - 3 potions of enlightenment
 d - 4 potions of heal wounds
 f - 2 potions of curing
 i - a potion of resistance
 j - a potion of might

Dungeon Overview and Level Annotations

Branches:
Dungeon (7/15)             Temple (1/1) D:4         Ossuary (visited)

Altars:
Ashenzari
Cheibriados
Dithmenos
Elyvilon
Fedhas
Gozag
Hepliaklqana
Kikubaaqudgha
Makhleb
Nemelex Xobeh
Okawaru
Qazlal
Ru
Sif Muna
Trog
Uskayaw
Vehumet
Xom
Yredelemnul
Zin

Annotations:
D:7 exclusion: electric eel


Message History

An electric eel comes into view.
The electric eel shoots out a bolt of lightning at you!
The bolt of electricity hits the plant.
The plant begins to die.
The bolt of electricity misses you.
The electric eel shoots out a bolt of lightning at you!
The bolt of electricity hits the plant!
The bolt of electricity misses you.
The electric eel shoots out a bolt of lightning at you!
The bolt of electricity hits the plant!
The bolt of electricity hits you!
An ice beast comes into view.
You shoot an arrow. The arrow barely misses the ice beast.
The electric eel shoots out a bolt of lightning at you!
The bolt of electricity hits the plant!
The bolt of electricity hits you!
You shoot an arrow.
The arrow hits the ice beast but does no damage.
A nearby plant withers and dies.
You shoot an arrow. The arrow barely misses the ice beast.
You shoot an arrow. The arrow closely misses the ice beast.
The electric eel shoots out a bolt of lightning at you!
The bolt of electricity misses you.
You shoot an arrow. The arrow barely misses the ice beast.
The electric eel shoots out a bolt of lightning at you!
The bolt of electricity hits you!
You shoot an arrow. The arrow hits the ice beast.
The ice beast is moderately wounded.
The ice beast misses you.
You shoot an arrow. The arrow hits the ice beast.
The ice beast is moderately wounded.
The ice beast hits you but does no damage.
You shoot an arrow. The arrow hits the ice beast!
The ice beast is almost dead.
The electric eel shoots out a bolt of lightning at you!
The bolt of electricity misses you.
The bolt of electricity hits the plant!
The plant begins to die.
The bolt of electricity hits the plant!
The bolt of electricity hits you! The ice beast misses you.
6112 ||| READING scroll of teleportation.
As you read the scroll of teleportation, it crumbles to dust.
You feel strangely unstable.
The electric eel shoots out a bolt of lightning at you!
The bolt of electricity hits you!
You die...

...77~~~~~~~~~~~7#.#
###.......
.#7~~~PP~~~~~~~~~P.#
#.......
%7P~~~~P~~~~~~~~~7.#
#.......
.~~~P~~~~~~~~~~~...#
#.......
...................#
#.......
.%~~~~~~~~~~~~~~.7##
#.......
~~~~~~~~~~~~~~~P.~P#
#.######
7~~~~~~~~777~~~~.~7~#
#.# # ~~~~P~~777
77~PP@~P77 #.
7~~~~~~7 7~~SY~P7
7P~~~~~77 7~~~.~~7
#7~~77P~# #P~~~.~~7
#7~7#### ##7~~.~77
#~# ~P~.P7 ###
#~~~.~7 ~~~~.~7


You could see an ice beast and an electric eel.

Vanquished Creatures
  Sigmund (D:5)
  Edmund (D:6)
  A water moccasin (D:7)
  An ogre (D:5)
  3 centaurs
  An elf zombie (Ossuary)
  2 bullfrogs (D:7)
  3 scorpions
  A burial acolyte (Ossuary)
  6 wights (D:6)
  3 electric eels (D:7)
  2 howler monkeys (D:5)
  2 centaur zombies (Ossuary)
  2 human zombies (Ossuary)
  A gnoll bouda (D:7)
  6 hounds
  2 sleepcaps
  A spectral scorpion (Ossuary)
  2 iguanas (D:4)
  An orc wizard (D:5)
  2 hound zombies (Ossuary)
  3 mummies (Ossuary)
  7 gnolls
  8 adders
  2 shadow imps
  2 white imps
  6 ufetubi
  6 adder zombies (Ossuary)
  2 dart slugs
  A ribbon worm (D:4)
  An orc (D:7)
  9 endoplasms
  2 giant cockroaches
  7 goblins
  9 hobgoblins
  2 jackals (D:3)
  5 quokkas
  7 ball pythons
  4 ball python zombies (Ossuary)
  7 bats
  2 frilled lizards
  A gnoll zombie (Ossuary)
  3 jackal zombies (Ossuary)
  4 kobolds
  4 kobold zombies (Ossuary)
  An orc zombie (Ossuary)
  5 rats
154 creatures vanquished.

Notes
Turn   | Place    | Note
-------+----------+-------------------------------------------
     0 | D:1      | qw the Spriggan Hunter began the quest for the Orb.
     0 | D:1      | Reached XP level 1. HP: 10/10 MP: 2/2
     0 | D:1      | 0 ||| qw: Version: 0.3-a-160-g6735b56
     0 | D:1      | 0 ||| qw: Game counter: 4644
     0 | D:1      | 0 ||| qw: Melee chars always use a shield: true
     0 | D:1      | 0 ||| qw: God list: Okawaru
     0 | D:1      | 0 ||| qw: Allow faded altars: false
     0 | D:1      | 0 ||| qw: Do Orc after clearing Dungeon:15 true
     0 | D:1      | 0 ||| qw: Do second Lair branch before Depths: true
     0 | D:1      | 0 ||| qw: Lair rune preference: random
     0 | D:1      | 0 ||| qw: Goals: Normal
     0 | D:1      | 0 ||| PLANNING D:1-11
    12 | D:1      | Reached skill level 3 in Dodging
    69 | D:1      | Reached XP level 2. HP: 10/14 MP: 3/3
   694 | D:1      | 694 ||| UPGRADING to amulet of reflection.
   699 | D:1      | 699 ||| UPGRADING to +4 ring of protection.
   700 | D:1      | 700 ||| READING scroll labelled WAONUFUGRI.
   700 | D:1      | 700 ||| ENCHANTING +0 shortbow.
   701 | D:1      | 701 ||| DRINKING 3 fizzy ruby potions.
   702 | D:1      | 702 ||| DROPPING scroll of butterflies.
   737 | D:2      | Reached XP level 3. HP: 18/18 MP: 4/4
   753 | D:2      | 753 ||| READING scroll of enchant weapon.
   753 | D:2      | 753 ||| ENCHANTING +1 shortbow.
   762 | D:2      | Reached skill level 5 in Ranged Weapons
   767 | D:2      | Reached XP level 4. HP: 22/22 MP: 5/5
   953 | D:2      | Found a bloodstained altar of Trog.
  1233 | D:3      | 1233 ||| READING scroll of enchant weapon.
  1233 | D:3      | 1233 ||| ENCHANTING +2 shortbow.
  1262 | D:3      | 1262 ||| FLEEEEING.
  1263 | D:3      | 1263 ||| FLEEEEING.
  1264 | D:3      | 1264 ||| FLEEEEING.
  1265 | D:3      | 1265 ||| FLEEEEING.
  1266 | D:3      | 1266 ||| FLEEEEING.
  1267 | D:3      | 1267 ||| FLEEEEING.
  1268 | D:3      | 1268 ||| FLEEEEING.
  1269 | D:3      | 1269 ||| FLEEEEING.
  1355 | D:3      | Noticed a +0 short sword
  1356 | D:3      | Noticed a +0 falchion
  1356 | D:3      | Noticed a +0 falchion
  1356 | D:3      | Noticed a +0 spear
  1357 | D:3      | Noticed a +0 spear
  1357 | D:3      | Noticed a +0 short sword
  1358 | D:3      | Noticed a +0 dagger
  1359 | D:3      | Noticed a +0 dagger
  1361 | D:3      | Found a hide-covered altar of Uskayaw.
  1980 | D:3      | Reached XP level 5. HP: 26/26 MP: 6/6
  1993 | D:3      | 1993 ||| READING scroll labelled QOENLO DUNIT.
  1998 | D:3      | 1998 ||| DRINKING 2 white potions.
  2014 | D:4      | 2014 ||| PLANNING OSSUARY
  2015 | D:4      | 2015 ||| STAIRDANCE
  2218 | D:4      | Found a sand-covered staircase.
  2219 | D:4      | 2219 ||| DROPPING +6 ring of intelligence.
  2228 | Ossuary  | Entered an ossuary
  2261 | Ossuary  | Reached skill level 6 in Ranged Weapons
  2304 | Ossuary  | Reached XP level 6. HP: 28/30 MP: 7/7
  2335 | Ossuary  | Reached skill level 6 in Dodging
  2542 | Ossuary  | Reached skill level 7 in Ranged Weapons
  2548 | Ossuary  | Reached XP level 7. HP: 13/35 MP: 8/8
  2704 | Ossuary  | 2704 ||| READING 2 scrolls labelled FETSAI VYEFF.
  2704 | Ossuary  | 2704 ||| IDENTIFYING grey potion
  2705 | Ossuary  | 2705 ||| READING scroll of identify.
  2705 | Ossuary  | 2705 ||| IDENTIFYING purple potion
  2706 | Ossuary  | 2706 ||| DRINKING 2 black potions.
  2717 | D:4      | 2717 ||| PLANNING D:1-11
  2726 | D:4      | Found a staircase to the Ecumenical Temple.
  2727 | D:4      | 2727 ||| PLANNING TEMPLE
  2732 | Temple   | Entered the Ecumenical Temple
  2733 | Temple   | 2733 ||| PLANNING OKAWARU WORSHIP
  2736 | Temple   | Became a worshipper of Warmaster Okawaru
  2737 | Temple   | 2737 ||| PLANNING D:1-11
  3085 | D:4      | Found a glowing silver altar of Zin.
  3155 | D:4      | Found a stormy altar of Qazlal.
  3315 | D:4      | 3315 ||| READING 2 scrolls labelled YTEXZY ONNO.
  3316 | D:4      | 3316 ||| DROPPING scroll of blinking.
  3333 | D:5      | Entered Level 5 of the Dungeon
  3348 | D:5      | 3348 ||| RETREEEEATING.
  3349 | D:5      | 3349 ||| RETREEEEATING.
  3463 | D:5      | Reached skill level 8 in Ranged Weapons
  3474 | D:5      | 3474 ||| FLEEEEING.
  3527 | D:5      | 3527 ||| SWAPPING to +0 orcbow.
  3529 | D:5      | 3529 ||| FLEEEEING.
  3531 | D:5      | 3531 ||| FLEEEEING.
  3532 | D:5      | 3532 ||| FLEEEEING.
  3533 | D:5      | 3533 ||| FLEEEEING.
  3535 | D:5      | 3535 ||| FLEEEEING.
  3536 | D:5      | 3536 ||| FLEEEEING.
  3560 | D:5      | 3560 ||| DROPPING +3 shortbow.
  3586 | D:5      | Reached skill level 3 in Fighting
  3635 | D:5      | Reached XP level 8. HP: 39/40 MP: 9/9
  3762 | D:5      | Reached * piety under Okawaru
  4012 | D:5      | Reached skill level 1 in Invocations
  4051 | D:5      | Found an ancient bone altar of Kikubaaqudgha.
  4061 | D:5      | Noticed Sigmund
  4063 | D:5      | 4063 ||| INVOKING Heroism.
  4066 | D:5      | Killed Sigmund
  4328 | D:5      | 4328 ||| DROPPING ring of flight.
  4329 | D:5      | 4329 ||| READING 2 scrolls of identify.
  4329 | D:5      | 4329 ||| IDENTIFYING scroll labelled FYOGAR KAUNO
  4330 | D:5      | 4330 ||| DROPPING scroll of fear.
  4547 | D:6      | Noticed Edmund
  4562 | D:6      | Killed Edmund
  4563 | D:6      | Reached skill level 9 in Ranged Weapons
  4660 | D:6      | 4660 ||| READING scroll of identify.
  4660 | D:6      | 4660 ||| IDENTIFYING scroll labelled XAL PUIJEURORGH
  4661 | D:6      | 4661 ||| DROPPING scroll of fog.
  4758 | D:6      | Reached skill level 3 in Invocations
  4938 | D:6      | Reached skill level 9 in Dodging
  5248 | D:6      | Found a shimmering blue altar of Sif Muna.
  5296 | D:6      | Found a sparkling altar of Nemelex Xobeh.
  5359 | D:6      | 5359 ||| READING scroll of identify.
  5359 | D:6      | 5359 ||| IDENTIFYING scroll labelled RUNESTR ABOATT
  5360 | D:6      | 5360 ||| DROPPING scroll of noise.
  5417 | D:7      | Reached XP level 9. HP: 44/44 MP: 11/13
  5514 | D:7      | Reached ** piety under Okawaru
  5772 | D:7      | HP: 6/44 [electric eel/bolt of electricity (12)]
  5773 | D:7      | 5773 ||| READING 2 scrolls of teleportation.
  5774 | D:7      | 5774 ||| DRINKING 6 potions of heal wounds.
  5777 | D:7      | 5777 ||| DRINKING 5 potions of heal wounds.
  5999 | D:7      | Reached skill level 10 in Ranged Weapons
  6111 | D:7      | HP: 2/44 [electric eel/bolt of electricity (11)]
  6112 | D:7      | 6112 ||| READING scroll of teleportation.
  6112 | D:7      | Killed from afar by an electric eel

Levels and vault maps discovered:
D:1:      dpeg_arrival_ternary, layout_loops_ring
D:2:      layout_basic, basic_altar
D:3:      layout_basic, nicolae_uskayaw_en_pointe, serial_bayou_lake_a
D:4:      layout_basic, kennysheep_mini_moat, general_overflow_altar,
          minmay_temple_entry_wispy, enter_ossuary_1
D:5:      kennysheep_spiral_hall, layout_loops_corners,
          kiku_gazebo_garden_becter, minmay_holes, uniq_sigmund
D:6:      layout_basic, nicolae_sif_muna_little_library,
          mainiacjoe_overflow_alcove_2, uniq_edmund
D:7:      layout_basic, nzn_wu_jian_contemplation, serial_shops, shop,
          serial_bayou, serial_bayou_ford_a, serial_bayou_lagoon_b,
          serial_bayou_pond_a, serial_bayou_crossing, serial_bayou_lagoon_a,
          serial_bayou_shore_a
Temple:   zaba_magenta_temple

Skill      XL: |  1  2  3  4  5  6  7  8  9 |
---------------+----------------------------+-----
Dodging        | 3 4 5 6 7 9 |  9.3
Ranged Weapons | 5 6 7 8 9 10 | 10.0
Fighting       | 2 3 |  3.0
Invocations    | 4 |  4.1
Stealth        | |  1.5

Action                     |  1- 3 |  4- 6 |  7- 9 || total
---------------------------+-------+-------+-------++-------
   Fire: Shortbow          |    62 |   223 |    67 ||   352
         Orcbow            |       |       |   293 ||   293
 Invoke: Heroism           |       |       |     1 ||     1
    Use: Scroll            |     2 |     2 |     8 ||    12
         Potion            |     1 |     1 |     3 ||     5
 Armour: Robe              |     5 |    46 |    61 ||   112
  Dodge: Dodged            |     6 |   124 |   193 ||   323
  Block: Other             |       |    34 |    52 ||    86
         Reflection        |       |     1 |     4 ||     5

Table legend:
 A = Non-vault XP
 B = Vault XP
 C = Vault XP percentage of total XP
 D = Non-vault monster count
 E = Vault monster count
 F = Vault count percentage of total count
                 A         B        C        D         E       F
            +---------+---------+-------+---------+---------+-------
      Total |    2424 |    1126 |  31.7 |     117 |      37 |  24.0
            +---------+---------+-------+---------+---------+-------
        D:1 |      37 |       0 |   0.0 |      21 |       0 |   0.0
        D:2 |      90 |       0 |   0.0 |      16 |       0 |   0.0
        D:3 |      71 |       0 |   0.0 |      23 |       0 |   0.0
        D:4 |     135 |       0 |   0.0 |      12 |       0 |   0.0
        D:5 |     645 |     419 |  39.4 |      16 |       5 |  23.8
        D:6 |     672 |     171 |  20.3 |      13 |       1 |   7.1
        D:7 |     774 |       0 |   0.0 |      16 |       0 |   0.0
    Ossuary |       0 |     536 | 100.0 |       0 |      31 | 100.0
            +---------+---------+-------+---------+---------+-------
